 Dungeon Crawl Stone Soup version 0.31-a0-460-g9e667d4245 (webtiles) character file.

Game seed: 16777434929771258899

2099 oldmanjim the Fighter (level 9, -1/76 HPs)
             Began as a Barachi Shapeshifter on Aug 3, 2023.
             Was an Elder of Cheibriados.
             Killed from afar by an electric eel (7 damage)
             ... with a bolt of electricity
             ... on level 6 of the Dungeon on Aug 4, 2023.
             The game lasted 00:43:46 (4691 turns).

oldmanjim the Fighter (Barachi Shapeshifter)        Turns: 4691, Time: 00:43:48

Health: -1/76      AC:  4    Str: 31    XL:     9   Next: 28%
Magic:  11/11      EV: 15    Int: 25    God:    Cheibriados [****..]
Gold:   337        SH:  0    Dex: 22    Spells: 5/8 levels left

rFire   . .          .
                       - Unarmed
rCold   . . .        (no shield)
rNeg    . . .        g - +0 troll leather armour
rPois   .            (helmet currently unavailable)
rElec   .            (cloak currently unavailable)
rCorr   .            (gloves currently unavailable)
SInv    .            (boots currently unavailable)
Will    .....        (no amulet)
Stlth   ++           h - +6 ring of intelligence
HPRegen 1.12/turn    (no ring)
MPRegen 0.12/turn

%: no passive effects
@: beast-form, studying Fighting, very slow
A: beast (slay +4), amphibious, slowness 1, strong legs 1, +LOS
a: Hop, Begin Untransformation, Renounce Religion, Bend Time, Temporal
Distortion, Slouch


You were on level 6 of the Dungeon.
You worshipped Cheibriados.
Cheibriados was greatly pleased with you.
You were a hulking beast.
You visited 1 branch of the dungeon, and saw 6 of its levels.
You also visited: Ossuary.

You collected 337 gold pieces.

Inventory:

Missiles
 j - 24 stones (quivered)
 q - 2 silver javelins
 t - 3 javelins
 D - 2 throwing nets
 F - 4 poisoned darts
Armour
 a - a +0 animal skin
 g - a +0 troll leather armour (worn)
 i - a +0 cloak
 n - a +0 pair of boots
 s - a +0 helmet
Jewellery
 h - a +6 ring of intelligence (left hand)
Talismans
 c - a beast talisman (active)
 E - a maw talisman
Wands
 C - a wand of iceblast (12)
Scrolls
 d - 4 scrolls of teleportation
 l - a scroll of poison
 p - 2 scrolls of immolation
 r - 3 scrolls of fog
 v - a scroll of enchant armour {unknown}
 x - 2 scrolls of enchant weapon
 y - 2 scrolls of summoning
 z - a scroll of revelation
 G - a scroll of fear {unknown}
Potions
 b - 4 potions of lignification
 e - 3 potions of curing
 f - a potion of might {unknown}
 k - 2 potions of berserk rage {unknown}
 m - a potion of attraction {unknown}
 o - 4 potions of heal wounds {unknown}
 u - a potion of enlightenment {unknown}
 w - 3 potions of mutation {unknown}
 A - a potion of cancellation {unknown}
 B - 4 potions of haste {unknown}


   Skills:
 + Level 9.0 Fighting
 - Level 5.0 Dodging
 - Level 7.0 Unarmed Combat
 + Level 4.1 Ice Magic
 - Level 3.0 Invocations
 + Level 5.9 Shapeshifting


You had 5 spell levels left.
You knew the following spells:

 Your Spells              Type           Power      Damage    Failure   Level
a - Ozocubu's Armour      Ice            20%        N/A       9%          3

Your spell library contained the following spells:

 Spells                   Type           Power      Damage    Failure   Level
 Cigotuvi's Dreadful Rot  Necr/Pois/Air  0%         N/A       22%         2
 Ignite Poison            Fire/Tmut/Pois 0%         N/A       41%         3
 Vhi's Electric Charge    Tloc/Air       0%         N/A       41%         3
 Freezing Cloud           Conj/Ice/Air   3%         6-21      94%         5
 Arcjolt                  Conj/Air       0%         1d10      99%         5
 Ozocubu's Refrigeration  Ice            10%        4d9       100%        7
 Maxwell's Capacitive Co  Air            0%         ∞         100%        8


Dungeon Overview and Level Annotations

Branches:
Dungeon (6/15)             Temple (0/1) D:6         Ossuary (visited)

Altars:
Cheibriados
Dithmenos
Qazlal
Wu Jian

Shops:
D:4 [

Annotations:
D:6 exclusion: electric eel


Innate Abilities, Weirdness & Mutations

You are a hulking beast.
Your limbs bulge with bestial killing power. (Slay +4)
You are amphibious.
You cover ground slowly.
You can hop short distances.
You have an extended range of vision and can be seen from far away.


Message History

The bullfrog closely misses you.
You punch the bullfrog!
You kill the bullfrog!
Cheibriados thoroughly appreciates the change of pace.
Your Fighting skill increases to level 9!
Your Ice Magic skill increases to level 4!
G - a scroll labelled LILOIS KUKOYPS
Found an ornate altar of the Wu Jian Council.
The electric eel shoots out a bolt of lightning at you!
The bolt of electricity hits you!
The electric eel shoots out a bolt of lightning at you!
The bolt of electricity hits you.
Found a stormy altar of Qazlal.
The electric eel shoots out a bolt of lightning at you!
The bolt of electricity hits you! The bolt of electricity hits you.
The bolt of electricity hits the electric eel.
The electric eel completely resists.
The electric eel shoots out a bolt of lightning at you!
The bolt of electricity hits you! x2
The bolt of electricity misses the electric eel.
You miss the electric eel.
The electric eel shoots out a bolt of lightning at you!
The bolt of electricity hits you! The bolt of electricity misses you.
The bolt of electricity hits the electric eel.
The electric eel completely resists.
You barely miss the electric eel.
The electric eel shoots out a bolt of lightning at you!
The bolt of electricity hits you!
* * * LOW HITPOINT WARNING * * *
The bolt of electricity misses you.
The bolt of electricity hits the electric eel.
The electric eel completely resists.
You miss the electric eel. You hit the electric eel.
The electric eel is lightly wounded.
The electric eel shoots out a bolt of lightning at you!
The bolt of electricity hits you!
* * * LOW HITPOINT WARNING * * *
The bolt of electricity hits you!
You die...

.#...#................### #.....
.##.##...##............####..#...
........###...........#.....##..)
.........########..........####).
..##..##.#.......#######...####.)
.........#.≈≈≈≈≈≈......#.####.#).
.........#.≈.....≈≈≈≈≈.#.##.#....
..##..####.≈.####....≈.#.#).)).##
#####..###.≈.#..h###.≈.#.))..####
# ##...#.≈.#.≈S._#.≈.#..)..# ##
#...#.≈.#.≈...# ≈.#.###.###.
#....≈.#.≈...#.≈ #.≈###..#..
#....S.#.≈_.##.≈.#.≈....###.
##....≈.#.≈≈≈. ≈.#.≈......#.
#.....≈.#....≈ .#.≈.#......
#...#.≈.#####. .#.≈.####...
##....≈.... # #.≈ ##..


You could see an electric eel.

Vanquished Creatures
  A wyvern (D:5)
  A steam dragon (D:6)
  3 ice beasts
  An ogre (D:4)
  A phantom (D:4)
  A bullfrog (D:6)
  5 wights (D:6)
  A centaur zombie (Ossuary)
  A human zombie (Ossuary)
  3 hounds
  2 sleepcaps
  A gnoll bouda (D:5)
  7 orc priests
  3 iguanas
  3 jellies
  Jessica (D:2)
  Ijyb (D:5)
  Natasha (D:3)
  4 orc wizards
  5 mummies (Ossuary)
  4 gnolls (D:5)
  8 adders
  A shadow imp (D:6)
  A worm (D:3)
  4 dart slugs
  18 orcs
  8 ball pythons
  6 bats
  4 endoplasms
  3 giant cockroaches
  11 goblins
  5 hobgoblins
  3 quokkas
  5 frilled lizards
  A gnoll zombie (Ossuary)
  A goblin zombie (Ossuary)
  A hobgoblin zombie (Ossuary)
  4 kobolds
  A kobold zombie (Ossuary)
  2 orc zombies (Ossuary)
  7 rats
144 creatures vanquished.

Notes
Turn   | Place    | Note
-------+----------+-------------------------------------------
     0 | D:1      | oldmanjim the Barachi Shapeshifter began the quest for the
                  | Orb.
     0 | D:1      | Reached XP level 1. HP: 15/15 MP: 1/1
     1 | D:1      | Upgraded the game from 0.31-a0-455-g1a7b003ef0 to
                  | 0.31-a0-460-g9e667d4245
   123 | D:1      | Reached XP level 2. HP: 19/21 MP: 2/2
   239 | D:1      | Reached skill level 2 in Fighting
   326 | D:1      | Reached XP level 3. HP: 27/27 MP: 3/3
   680 | D:2      | Noticed Jessica
   716 | D:2      | Killed Jessica
   717 | D:2      | Reached XP level 4. HP: 30/34 MP: 4/4
   820 | D:2      | Reached skill level 3 in Fighting
   980 | D:2      | Found a faded altar of an unknown god.
   992 | D:2      | Prayed at the altar of an unknown god.
   992 | D:2      | Became a worshipper of Cheibriados the Contemplative
   992 | D:2      | Reached * piety under Cheibriados
  1089 | D:2      | Reached XP level 5. HP: 35/41 MP: 5/5
  1451 | D:3      | Noticed an ice beast
  1459 | D:3      | Killed an ice beast
  1460 | D:3      | Reached skill level 4 in Fighting
  1460 | D:3      | Reached skill level 5 in Unarmed Combat
  1460 | D:3      | Reached XP level 6. HP: 40/48 MP: 6/6
  1521 | D:3      | Reached ** piety under Cheibriados
  1982 | D:3      | Noticed Natasha
  2001 | D:3      | Killed Natasha
  2286 | D:4      | Reached skill level 5 in Fighting
  2286 | D:4      | Reached skill level 5 in Shapeshifting
  2286 | D:4      | Reached XP level 7. HP: 54/56 MP: 7/7
  2330 | D:4      | Reached skill level 1 in Invocations
  2409 | D:4      | Found Wintay's Armour Shop.
  2496 | D:4      | Identified the +0 ring mail of Compression {Dex+3}
  2853 | D:5      | Entered Level 5 of the Dungeon
  2900 | D:5      | Found a sand-covered staircase.
  2908 | Ossuary  | Entered an ossuary
  2958 | Ossuary  | Reached *** piety under Cheibriados
  3178 | D:5      | Identified a scroll of acquirement
  3179 | D:5      | Acquired a manual of Fighting
  3493 | D:5      | Noticed a wyvern
  3499 | D:5      | Killed a wyvern
  3500 | D:5      | Reached skill level 6 in Fighting
  3500 | D:5      | Reached XP level 8. HP: 18/65 MP: 9/9
  3572 | D:5      | Noticed Ijyb
  3579 | D:5      | Killed Ijyb
  3633 | D:5      | Learned a level 3 spell: Ozocubu's Armour
  3640 | D:5      | Identified the +5 short sword of the Skies Above {flame,
                  | Int+2}
  3832 | D:5      | Reached skill level 1 in Ice Magic
  4145 | D:6      | Found a shadowy altar of Dithmenos.
  4150 | D:6      | Reached skill level 7 in Fighting
  4243 | D:6      | Reached **** piety under Cheibriados
  4263 | D:6      | Found a staircase to the Ecumenical Temple.
  4393 | D:6      | Reached XP level 9. HP: 69/74 MP: 11/11
  4402 | D:6      | Reached skill level 8 in Fighting
  4402 | D:6      | Reached skill level 5 in Dodging
  4608 | D:6      | Reached skill level 9 in Fighting
  4666 | D:6      | Found an ornate altar of the Wu Jian Council.
  4687 | D:6      | Found a stormy altar of Qazlal.
  4691 | D:6      | Killed from afar by an electric eel

Illustrated notes

Levels and vault maps discovered:
D:1:      dpeg_arrival_subterranean_lakeside_camping, layout_basic
D:2:      layout_loops_cross, nicolae_ecumenical_lake_church,
          hangedman_decor_push, guppyfry_early_lair_pool, uniq_jessica
D:3:      layout_loops_ring, chequers_serial_rivers_micro_e, uniq_natasha
D:4:      layout_gridville, serial_shops, shop
D:5:      layout_loops_corners, nicolae_ossuary_entry_plus, uniq_ijyb
D:6:      layout_cave_pools, nicolae_dithmenos_the_darkroom,
          nicolae_overflow_squiral, minmay_temple_entry_proselytizer

Skill      XL: |  1  2  3  4  5  6  7  8  9 |
---------------+----------------------------+-----
Fighting       | 2 3 4 5 6 7 9 |  9.0
Unarmed Combat | 4 5 6 7 |  7.0
Shapeshifting  | 4 5 |  5.9
Invocations    | 2 3 |  3.0
Dodging        | 3 4 5 |  5.0
Ice Magic      | 2 4 |  4.1

Action                     |  1- 3 |  4- 6 |  7- 9 || total
---------------------------+-------+-------+-------++-------
  Melee: Unarmed           |    85 |   149 |   183 ||   417
         Punch             |     1 |     3 |    14 ||    18
  Throw: Javelin           |       |     1 |     2 ||     3
         Boomerang         |       |    17 |       ||    17
         Stone             |       |    11 |    46 ||    57
Ability: Hop               |       |       |     3 ||     3
    Use: Scroll            |       |       |     8 ||     8
         Potion            |       |       |     1 ||     1
   Stab: Sleeping          |       |     1 |     4 ||     5
 Armour: Animal skin       |     1 |       |       ||     1
         Troll leather arm |    29 |    29 |    28 ||    86
  Dodge: Dodged            |    68 |    58 |    95 ||   221

Table legend: (Time is in decaauts)
 A = Elapsed time spent in this place.
 B = Non-inter-level travel time spent in this place.
 C = Inter-level travel time spent in this place.
 D = Time resting spent in this place.
 E = Time spent auto-exploring this place.
 F = Levels seen in this place.
 G = Mean time per level.
                   A        B        C        D        E       F      G
               +--------+--------+--------+--------+--------+-----+--------+
         Total |   7239 |   7024 |    215 |    145 |   5064 |   7 | 1034.1 |
       Dungeon |   6888 |   6673 |    215 |    145 |   5064 |   6 | 1148.0 |
       Ossuary |    351 |    351 |      0 |      0 |      0 |   1 |  351.0 |
               +--------+--------+--------+--------+--------+-----+--------+

Top non-repeatable levels by time:
     D:5: 1861 daAuts
     D:3: 1341 daAuts
     D:4: 1207 daAuts
     D:2: 908 daAuts
     D:6: 846 daAuts
     D:1: 724 daAuts
 Ossuary: 351 daAuts
